 Dungeon Crawl Stone Soup version 0.19.4-9-g45fd643 (webtiles) character file.

163 Naow the Magician (level 5, -3/28 HPs)
             Began as a Deep Elf Fire Elementalist on Feb 18, 2017.
             Slain by Grinder (5 damage)
             ... on level 3 of the Dungeon.
             The game lasted 00:03:07 (2450 turns).

Naow the Magician (Deep Elf Fire Elementalist)      Turns: 2450, Time: 00:03:07

Health: -3/28      AC:  2    Str:  5    XL:     5   Next: 20%
Magic:  4/14       EV: 13    Int: 21    God:
Gold:   83         SH:  0    Dex: 15    Spells: 3 memorised, 7 levels left

rFire  . . .     SeeInvis .     (no weapon)
rCold  . . .     Gourm    .     a - +0 robe
rNeg   . . .     Faith    .     (no shield)
rPois  .         Spirit   .     (no helmet)
rElec  .         Reflect  .     (no cloak)
rCorr  .         Harm     .     (no gloves)
MR     .....                    (no boots)
Stlth  ++........               (no amulet)
                                (no ring)
                                (no ring)

@: very slightly contaminated
A: no striking features
a: no special abilities


You were on level 3 of the Dungeon.
You were hungry.

You visited 1 branch of the dungeon, and saw 3 of its levels.

You collected 83 gold pieces.

Inventory:

Armour
 a - a +0 robe (worn)
 j - a +0 pair of boots
Wands
 k - a wand of confusion (23/48)
Scrolls
 e - 3 scrolls of identify {unknown}
 i - a scroll of teleportation {unknown}
Potions
 d - 3 potions of heal wounds {unknown}
 f - 2 potions of lignification {unknown}
 g - a potion of curing {unknown}
 h - a potion of cure mutation {unknown}
 n - a potion of might {unknown}
Books
 b - a book of Flames

   Spells                             Type                      Level
   a - Flame Tongue                   Conjuration/Fire             1
   b - Throw Flame                    Conjuration/Fire             2
   c - Conjure Flame                  Conjuration/Fire             3
   d - Inner Flame                    Hexes/Fire                   3
   e - Sticky Flame                   Conjuration/Fire             4
   f - Fireball                       Conjuration/Fire             5
Comestibles
 c - 6 bread rations
 l - 4 chunks of flesh
 m - a meat ration


   Skills:
 - Level 2.4 Dodging
 - Level 2.4 Stealth
 + Level 4.9 Spellcasting
 + Level 3.2 Conjurations
 + Level 4.5 Fire Magic


You had 7 spell levels left.
You knew the following spells:

 Your Spells              Type           Power        Failure   Level  Hunger
a - Flame Tongue          Conj/Fire      ###..        1%          1    None
b - Throw Flame           Conj/Fire      ###...       3%          2    None
c - Conjure Flame         Conj/Fire      ###.....     10%         3    ##.....


Dungeon Overview and Level Annotations

Branches:
Dungeon (3/15)

Altars:

Annotations:
D:3 Grinder


Message History

Pain shoots through your body!
Casting: Throw Flame
Confirm with . or Enter, or press ? or * to list all spells.
Aiming: Throw Flame
Press: ? - help, Shift-Dir - straight line, f/p - Grinder
Aim: Grinder (heavily wounded)
You miscast Throw Flame.
You are very lightly contaminated with residual magic.
Wisps of smoke drift from your hands. Grinder barely misses you.
Casting: Throw Flame
Confirm with . or Enter, or press ? or * to list all spells.
Aiming: Throw Flame
Press: ? - help, Shift-Dir - straight line, f/p - Grinder
Aim: Grinder (heavily wounded)
The puff of flame hits Grinder.
Grinder is severely wounded.
Grinder hits you!
* * * LOW HITPOINT WARNING * * *
You writhe in agony.
You die...

#... ......... ...
#........##### .#
###......##...
......##... ##
........... #.
......#.... #. #....
##.##### #....
##..5@..##########....
>........................
###########)......###.###
#######.###...# #........
##....... #.......
#....... ########


You could see Grinder.

Vanquished Creatures
  Terence (D:2)
  Jessica (D:2)
  Ijyb (D:3)
  4 gnolls
  2 worms
  2 dart slugs
  3 leopard geckos
  An orc (D:3)
  5 giant cockroaches
  6 goblins
  2 hobgoblins
  2 bats
  A frilled lizard (D:2)
  4 kobolds
  4 rats
39 creatures vanquished.

Notes
Turn   | Place    | Note
-------+----------+-------------------------------------------
     0 | D:1      | Naow the Deep Elf Fire Elementalist began the quest for the Orb.
     0 | D:1      | Reached XP level 1. HP: 10/10 MP: 6/6
   306 | D:1      | Reached XP level 2. HP: 12/15 MP: 4/8
   745 | D:2      | Learned a level 2 spell: Throw Flame
   826 | D:2      | Noticed Jessica
   832 | D:2      | Killed Jessica
   832 | D:2      | Reached XP level 3. HP: 19/19 MP: 4/10
   838 | D:2      | Learned a level 3 spell: Conjure Flame
  1452 | D:2      | Noticed Terence
  1459 | D:2      | Killed Terence
  1459 | D:2      | Reached XP level 4. HP: 7/24 MP: 4/12
  2232 | D:3      | Noticed Ijyb
  2244 | D:3      | Killed Ijyb
  2244 | D:3      | Reached XP level 5. HP: 22/28 MP: 0/14
  2443 | D:3      | Noticed Grinder
  2450 | D:3      | Slain by Grinder

Skill      XL: |  1  2  3  4 |
---------------+-------------+-----
Spellcasting   | 4 |  4.9
Conjurations   | 2 3 |  3.2
Fire Magic     | 4 |  4.5
Dodging        | |  2.4
Stealth        | |  2.4

Action                   |  1- 3 |  4- 6 || total
-------------------------+-------+-------++-------
Melee: Unarmed           |     2 |       ||     2
 Cast: Flame Tongue      |    51 |    40 ||    91
       Throw Flame       |     2 |     3 ||     5
  Eat: Chunk             |     2 |     2 ||     4
Armor: Robe              |     3 |     7 ||    10
Dodge: Dodged            |    14 |    23 ||    37
